 Dungeon Crawl Stone Soup version 0.25-a0-589-g1e14c549ee (webtiles) character file.

Game seed: 2342485768016743392, levelgen mode: deterministic

53 HailSeitan the Changer (level 3, 0/17 HPs)
             Began as a Vine Stalker Transmuter on Mar 10, 2020.
             Slain by an adder (3 damage)
             ... on level 3 of the Dungeon.
             The game lasted 00:03:57 (1963 turns).

HailSeitan the Changer (Vine Stalker Transmuter)    Turns: 1963, Time: 00:03:57

Health: 0/17       AC:  2    Str: 11 (12) XL:     3   Next: 89%
Magic:  0/7        EV: 12    Int: 12 (14) God:
Gold:   37         SH:  0    Dex: 11 (14) Spells: 0/6 levels left

rFire    . . .     SeeInvis .     - Unarmed
rCold    . . .     Gourm    .   (no shield)
rNeg     . . .     Faith    .   b - +0 robe
rPois    .         Spirit   +   (no helmet)
rElec    .         Reflect  .   (no cloak)
rCorr    .         Harm     .   (no gloves)
MR       .....                  (no boots)
Stlth    +.........             (no amulet)
HPRegen  0.05/turn              (no ring)
MPRegen  0.10/turn              (no ring)

@: stab
A: fangs 2, magic shield, antimagic bite, no potion heal 3, rot immunity
a: no special abilities


You were on level 3 of the Dungeon.
You were not hungry.

You visited 1 branch of the dungeon, and saw 3 of its levels.

You collected 37 gold pieces.

Inventory:

Missiles
 a - 36 arrows
 e - 5 javelins (quivered)
Armour
 b - a +0 robe (worn)
Jewellery
 k - an uncursed ring of protection from fire {unknown}
Wands
 p - a wand of enslavement (12)
Scrolls
 c - 2 scrolls of remove curse {unknown}
 f - a scroll of fog {unknown}
 g - 4 scrolls of identify {unknown}
 l - a scroll of noise {unknown}
 m - a scroll of fear {unknown}
 n - a scroll of magic mapping {unknown}
Comestibles
 d - 6 rations
 o - a chunk of flesh


   Skills:
 - Level 0.8 Fighting
 - Level 1.5 Dodging
 - Level 3.0 Unarmed Combat
 - Level 2.1 Spellcasting
 + Level 3.8 Transmutations
 - Level 1.0 Poison Magic


You couldn't memorise any spells.
You knew the following spells:

 Your Spells              Type           Power        Failure   Level  Hunger
a - Beastly Appendage     Tmut           ##....       5%          1    ##.....
b - Sticks to Snakes      Tmut           ##......     9%          2    ###....
c - Spider Form           Tmut/Pois      #.........   30%         3    ####...

Your spell library contained the following spells:

 Spells                   Type           Power        Failure   Level  Hunger
 Ice Form                 Ice/Tmut       #.......     77%         4    #####..
 Blade Hands              Tmut           ##........   83%         5    ######.


Dungeon Overview and Level Annotations

Branches:
Dungeon (3/15)

Altars:
Okawaru


Innate Abilities, Weirdness & Mutations

You have extremely sharp teeth.
When hurt, damage is shared between your health and your magic reserves.
Your bite disrupts and absorbs the magic of your enemies.
Potions cannot restore your health.
You are immune to rotting.


Message History

You kill the kobold!
* * * LOW HITPOINT WARNING * * *
You feel sick. The adder closely misses you.
It was a potion of degeneration.
There was something very wrong with that liquid.
You feel weakened.
You feel dopey.
You feel clumsy. The adder bites you.
* * * LOW HITPOINT WARNING * * *
You are more poisoned.
The adder poisons you!
It was a potion of stabbing.
You feel ready to backstab.
* * * LOW HITPOINT WARNING * * *
You feel sick. The adder bites you but does no damage.
It was a potion of curing.
Your system rejects the healing.
You feel better. The adder completely misses you. The adder barely misses you.
Casting: Spider Form (safe; 30% risk of failure)
Confirm with . or Enter, or press ? or * to list all spells.
You create a snake!
You now have 36 arrows.
The adder bites you.
You die...

... .. # .. # .## . #.
..# # ##...####.#
############ .....S.@S.#
#..........[
##...####(###.####....##
#. #(.(...###.###..
#).###..........
#...#.##...........
.........#..##.##.##..
...........# #.##.###.
.........## #.##.....
.........# #........


You could see an adder and a friendly ball python.

Vanquished Creatures
  2 oozes
  A dart slug (D:1)
  A leopard gecko (D:1)
  2 orcs (D:3)
  3 giant cockroaches (D:1)
  4 goblins (D:1)
  7 hobgoblins
  5 kobolds
  A quokka (D:3)
  4 bats
  5 frilled lizards
  4 rats
39 creatures vanquished.

Notes
Turn   | Place    | Note
-------+----------+-------------------------------------------
     0 | D:1      | HailSeitan the Vine Stalker Transmuter began the quest for
                  | the Orb.
     0 | D:1      | Reached XP level 1. HP: 9/9 MP: 4/4
    33 | D:1      | Reached XP level 2. HP: 10/14 MP: 1/6
   383 | D:1      | Reached XP level 3. HP: 13/17 MP: 3/7
   852 | D:2      | Learned a level 2 spell: Sticks to Snakes
   856 | D:2      | Learned a level 3 spell: Spider Form
   966 | D:2      | Found an iron altar of Okawaru.
  1916 | D:3      | Reached skill level 1 in Poison Magic
  1963 | D:3      | Slain by an adder

Levels and vault maps discovered:
D:1:      minmay_arrival_up_and_down, layout_loops_ring
D:2:      layout_loops_cross, okawaru_metal_pillars_3
D:3:      layout_rooms, first_ration, hex_intersection

Skill      XL: |  1  2  3 |
---------------+----------+-----
Transmutations | 3 |  3.8
Poison Magic   | 1 |  1.0
Fighting       | |  0.8
Dodging        | |  1.5
Unarmed Combat | |  3.0
Spellcasting   | |  2.1

Action                   || total
-------------------------++-------
Melee: Unarmed           ||   116
       Bite              ||    23
       Kick              ||     4
       Punch             ||     1
       Headbutt          ||     1
 Cast: Beastly Appendage ||     8
       Spider Form       ||     2
       Sticks to Snakes  ||     1
 Abil: End Transformatio ||     1
  Use: Potion            ||     3
 Stab: Sleeping          ||     2
  Eat: Ration            ||     1
       Chunk             ||     1
Armor: Robe              ||    20
Dodge: Dodged            ||    78

Table legend:
 A = Non-vault XP
 B = Vault XP
 C = Vault XP percentage of total XP
 D = Non-vault monster count
 E = Vault monster count
 F = Vault count percentage of total count
                 A         B        C        D         E       F
            +---------+---------+-------+---------+---------+-------
      Total |      77 |       0 |   0.0 |      39 |       0 |   0.0
            +---------+---------+-------+---------+---------+-------
        D:1 |      47 |       0 |   0.0 |      24 |       0 |   0.0
        D:2 |      19 |       0 |   0.0 |      10 |       0 |   0.0
        D:3 |      11 |       0 |   0.0 |       5 |       0 |   0.0
            +---------+---------+-------+---------+---------+-------
